 Dungeon Crawl Stone Soup version 0.19.4-9-g45fd643 (webtiles) character file.

93 Gorglomux the Insei (level 4, -1/37 HPs)
             Began as a Vine Stalker Ice Elementalist on Feb 20, 2017.
             Slain by a bullfrog (4 damage)
             ... on level 3 of the Dungeon.
             The game lasted 00:04:19 (2009 turns).

Gorglomux the Insei (Vine Stalker Ice Elementalist) Turns: 2009, Time: 00:04:19

Health: -1/37      AC: 22    Str: 10    XL:     4   Next: 61%
Magic:  0/8        EV:  2    Int: 16    God:
Gold:   63         SH:  0    Dex: 15    Spells: 2 memorised, 3 levels left

rFire  + . .     SeeInvis .       - Unarmed
rCold  x . .     Gourm    .     (armour currently unavailable)
rNeg   + + +     Faith    .     (no shield)
rPois  +         Spirit   +     (helmet currently unavailable)
rElec  .         Reflect  .     (cloak currently unavailable)
rCorr  .         Harm     .     (gloves currently unavailable)
MR     .....     NoTele   +     (boots currently unavailable)
Stlth  ++........               (no amulet)
                                (no ring)
                                v - ring of fire

@: tree-form
A: (fangs 0), regeneration 1, magic shield, (antimagic bite), no device heal 3,
rot immunity
a: no special abilities


You were on level 3 of the Dungeon.
You were not hungry.
You were a tree.
You visited 1 branch of the dungeon, and saw 3 of its levels.

You collected 63 gold pieces.

Inventory:

Armour
 a - a +0 robe (melded)
Jewellery
 v - a ring of fire (left branch)
Scrolls
 i - 2 scrolls of noise {unknown}
 k - a scroll of fear {unknown}
 m - 2 scrolls of identify {unknown}
 n - a scroll of fog {unknown}
 p - a scroll of teleportation {unknown}
 s - a scroll of recharging {unknown}
 t - a scroll of magic mapping {unknown}
Potions
 q - a potion of curing
 u - a potion of brilliance {unknown}
Books
 b - a book of Frost

   Spells                             Type                      Level
   a - Freeze                         Ice                          1
   b - Throw Frost                    Conjuration/Ice              2
   c - Ozocubu's Armour               Charms/Ice                   3
   d - Throw Icicle                   Conjuration/Ice              4
   e - Summon Ice Beast               Ice/Summoning                4
Comestibles
 c - 2 bread rations
 f - 2 royal jellies
 g - 3 fruits
 j - 2 meat rations
 r - 5 chunks of flesh


   Skills:
 - Level 4.2 Fighting
 - Level 3.2 Dodging
 - Level 2.4 Stealth
 - Level 5.8 Unarmed Combat
 - Level 2.1 Spellcasting
   Level 1.0 Conjurations
 + Level 4.7 Charms
 + Level 5.7 Ice Magic


You had 3 spell levels left.
You knew the following spells:

 Your Spells              Type           Power        Failure   Level  Hunger
a - Freeze                Ice            ###.         1%          1    #......
h - Ozocubu's Armour      Chrm/Ice       ###.....     10%         3    ###....


Dungeon Overview and Level Annotations

Branches:
Dungeon (3/15)

Altars:


Innate Abilities, Weirdness & Mutations

((You have extremely sharp teeth.))
Your natural rate of healing is unusually fast.
When hurt, damage is shared between your health and your magic reserves.
((Your bite disrupts and absorbs the magic of your enemies.))
Potions and wands cannot restore your health.
You are immune to rotting.


Message History

Your +0 robe melds into your body.
Your roots penetrate the ground.
The bullfrog hits you but does no damage. x2
It was a potion of experience.
You feel more experienced!
Your Fighting skill gained 4 levels and is now at level 4!
Your Dodging skill gained 2 levels and is now at level 3!
Your Unarmed Combat skill gained 2 levels and is now at level 5!
Your Charms skill gained 4 levels and is now at level 4!
Your Ice Magic skill gained 2 levels and is now at level 5!
You have reached level 4!
You feel agile.
You begin to heal more quickly.
The bullfrog hits you.
* * * LOW HITPOINT WARNING * * *
You have no ailments to cure.
Okay, then.
You hit the bullfrog.
The bullfrog is heavily wounded.
The bullfrog hits you.
You die...

######......#
#......#
#......#
#......#
####.### #.# .#
#.# ..# .. #.#
.# .. #♣# .. F#
#F# .# . #.# #
# #.#)#
...##.#.#######
...............
###.#...#######
##..# #..#


You could see a bullfrog.

Vanquished Creatures
  An adder (D:2)
  A leopard gecko (D:3)
  An orc (D:3)
  A ball python (D:3)
  7 bats
  A giant cockroach (D:2)
  4 goblins (D:1)
  7 hobgoblins
  4 frilled lizards
  5 rats
32 creatures vanquished.

Notes
Turn   | Place    | Note
-------+----------+-------------------------------------------
     0 | D:1      | Gorglomux the Vine Stalker Ice Elementalist began the quest for the Orb.
     0 | D:1      | Reached XP level 1. HP: 9/9 MP: 4/4
   162 | D:1      | Reached skill level 1 in Unarmed Combat
   270 | D:1      | Reached XP level 2. HP: 11/13 MP: 6/6
   931 | D:2      | Reached XP level 3. HP: 3/16 MP: 0/7
  1426 | D:2      | Learned a level 3 spell: Ozocubu's Armour
  1856 | D:3      | Reached skill level 3 in Unarmed Combat
  1996 | D:3      | Noticed a bullfrog
  2008 | D:3      | Reached skill level 3 in Dodging
  2008 | D:3      | Gained mutation: Your natural rate of healing is unusually fast. [Vine Stalker growth]
  2008 | D:3      | Reached XP level 4. HP: 6/25 MP: 0/8
  2009 | D:3      | Slain by a bullfrog

Skill      XL: |  1  2  3 |
---------------+----------+-----
Unarmed Combat | 1 2 5 |  5.8
Fighting       | 4 |  4.2
Dodging        | 3 |  3.2
Charms         | 4 |  4.7
Ice Magic      | 5 |  5.7
Stealth        | |  2.4
Spellcasting   | |  2.1
Conjurations   | |  1.0

Action                   |  1- 3 |  4- 6 || total
-------------------------+-------+-------++-------
Melee: Unarmed           |    68 |     1 ||    69
       Bite              |    13 |       ||    13
       Punch             |     1 |       ||     1
 Cast: Freeze            |    24 |       ||    24
       Ozocubu's Armour  |     3 |       ||     3
  Use: Potion            |     3 |       ||     3
 Stab: Sleeping          |     6 |       ||     6
  Eat: Chunk             |     4 |       ||     4
Armor: Robe              |    18 |       ||    18
       Skin              |     2 |       ||     2
Dodge: Dodged            |    53 |       ||    53
